amy, neutral female gnomish Ranger ...... *...... s ....^........ s ....... |...GG...- --- h.%... --.....^..--|.< G .h.... -.|.......-|.- o h@d... .....|.| ---... .....| |.). .....- --.. --- s s amy the Lookout Experience level: 4 Strength: 16 Dexterity: 9 Constitution: 16 Intelligence: 13 Wisdom: 15 Charisma: 7 Health: 0(27) Energy: 20(20) Def: 8 Gold: 445 Moves: 1786 Dungeon seed: 63fgv5BnSGvdkkxt Game ID: amy_1465190221 Your Inventory: Coins $ - 445 gold pieces Weapons a - an uncursed +1 dagger b - an uncursed +2 crossbow (weapon in hand) c - 58 uncursed +2 crossbow bolts d - 29 uncursed +0 crossbow bolts (in quiver) h - a blessed +2 aklys l - an uncursed +0 orcish dagger s - 2 uncursed +0 daggers named ok A - a blessed +0 arrow Armor e - an uncursed +2 cloak of displacement (being worn) q - an uncursed +0 elven mithril-coat (being worn) Comestibles f - 2 uncursed cram rations i - 2 uncursed food rations k - an uncursed melon X - 2 uncursed tins of lichen Scrolls o - an uncursed scroll of enchant weapon v - an uncursed scroll of identify named ok y - an uncursed scroll of scare monster Spellbooks n - an uncursed spellbook of detect unseen Potions t - an uncursed potion of healing Z - a cursed potion of monster detection Wands g - an uncursed wand of slow monster (0:3) j - an uncursed wand of lightning (0:5) Tools m - an uncursed magic whistle Spells and supernatural/magical abilities: Name Level Category Fail Memory W - pray for help -- divine ? -- Your skills at the end: Miscellaneous Skills wands [Basic] Weapon Skills dagger [Basic] club [Basic] crossbow [Basic] Spellcasting Skills Final Attributes: You were devoutly aligned. You were blinded. You were telepathic. You had automatic searching. You had infravision. You were displaced. You are dead. Vanquished creatures: a shrieker 2 floating eyes an orc zombie a werejackal 2 hobbits an acid blob a gecko a yellow mold 13 manes 2 jackals a kobold 4 newts 3 goblins 2 sewer rats 5 grid bugs 3 lichens 3 kobold zombies 46 creatures vanquished. Voluntary challenges: You did not adorn yourself with jewelry or accessories. You used a wielded weapon 36 times, starting on turn 6. You did not use containers. You did not apply a unicorn horn. You read items or engraved 2 times, starting on turn 367. You never genocided any monsters. You never polymorphed an object. You never changed form. You used no wishes. You never split a pudding. You never wrote Elbereth's name. You never violated your personal moral code. Dungeon overview: The Dungeons of Doom: levels 1 to 4 Level 1 a long staircase Level 2 an altar to Venus, a fountain Level 3 a general store, a sink Level 4 some fountains, a sink stairs to The Gnomish Mines The Gnomish Mines: levels 5 to 6 Level 5 stairs to The Dungeons of Doom Level 6 <- You were here History has recorded: On T:1 you entered the Dungeons of Doom to retrieve the Amulet of Yendor! On T:146 you reached level 2 of The Dungeons of Doom. On T:583 you reached level 3 of The Dungeons of Doom. On T:821 you advanced to experience level 2. On T:1095 you reached level 4 of The Dungeons of Doom. On T:1205 you advanced to experience level 3. On T:1402 you reached level 1 of The Gnomish Mines. On T:1561 you advanced to experience level 4. On T:1722 you reached level 2 of The Gnomish Mines. Score breakdown: Gold: 445 ( 44 points) Experience: 4 levels ( 300 points) Exploration: 6 levels ( 150 points) Discoveries: 3 items ( 150 points) Variety of kills: 17 monsters ( 850 points) Major goal: (nothing yet) ( 0 points) Survival: died (score multiplied by 3) Total score: 4482 Latest messages: You stab the orc zombie. You destroy the orc zombie! You see here an orc corpse. You see here a smoky potion. Z - a smoky potion. You see here a melon. k - a melon. You see here a mace. (2x) You see here a ragged spellbook. n - a ragged spellbook. Suddenly, the gnome disappears out of sight. Never mind. Please move the cursor to an unknown object. Done. You are now wielding your crossbow. You see here an orc corpse. A cloud of darkness falls upon you. The bugbear punches you! (3x) You hear some noises. The bugbear punches you! You die... Final status: Goodbye amy the Ranger, killed by a bugbear, while frozen by a spellbook... You died in The Gnomish Mines on dungeon level 6 with 4482 points, and 445 pieces of gold, after 1786 moves. You were level 4 with a maximum of 27 hit points when you died.